 Dungeon Crawl Stone Soup version 0.29.1-1-gd02db6906a (webtiles) character file.

Game seed: 15929725045548551942

103 gelatine the Covered (level 4, 0/40 HPs)
             Began as a Minotaur Fighter on Sept 21, 2022.
             Slain by a frilled lizard (2 damage)
             ... on level 3 of the Dungeon.
             The game lasted 00:03:36 (1603 turns).

gelatine the Covered (Minotaur Fighter)             Turns: 1603, Time: 00:03:37

Health: 0/40       AC:  5    Str: 23    XL:     4   Next: 51%
Magic:  3/3        EV: 10    Int:  5    God:
Gold:   57         SH:  4    Dex:  9    Spells: 3/3 levels left

rFire   . . .      SeeInvis .   a - +0 war axe
rCold   + . .      Faith    .   c - +0 buckler
rNeg    . . .      Spirit   .   m - +1 leather armour {rC+}
rPois   .          Reflect  .   (helmet restricted)
rElec   .          Harm     .   i - +0 cloak
rCorr   .          Rampage  .   (no gloves)
Will    .....                   (no boots)
Stlth   +.........              (no amulet)
HPRegen 0.13/turn               (no ring)
MPRegen 0.08/turn               (no ring)

@: no status effects
A: horns 2, retaliatory headbutt
a: no special abilities


You were on level 3 of the Dungeon.
You visited 1 branch of the dungeon, and saw 3 of its levels.

You collected 57 gold pieces.

Inventory:

Hand Weapons
 a - a +0 war axe (weapon)
Missiles
 n - 4 stones (quivered)
Armour
 b - a +0 scale mail
 c - a +0 buckler (worn)
 i - a +0 cloak (worn)
 m - a +1 leather armour of cold resistance (worn)
Scrolls
 h - 3 scrolls of identify {unknown}
 j - a scroll of immolation {unknown}
 k - 2 scrolls of brand weapon {unknown}
 o - a scroll of poison {unknown}
 p - a scroll of fear {unknown}
 q - a scroll of noise {unknown}
Potions
 d - a potion of might
 e - 2 potions of resistance {unknown}
 f - a potion of degeneration {unknown}
 g - a potion of haste {unknown}
 l - 2 potions of magic {unknown}
 r - a potion of curing {unknown}
 s - a potion of mutation {unknown}


   Skills:
 + Level 4.2 Fighting
 + Level 4.0 Axes
 + Level 0.8 Throwing
 + Level 4.2 Armour
 + Level 0.4 Dodging
 + Level 0.3 Stealth
 + Level 4.1 Shields


You had 3 spell levels left.
You didn't know any spells.
Your spell library contained the following spells:

 Spells                   Type           Power      Damage    Failure   Level
 Apportation              Tloc           0%         N/A       63%         1
 Magic Dart               Conj           0%         1d3       63%         1
 Shock                    Conj/Air       0%         1d3       63%         1
 Call Imp                 Summ           0%         N/A       77%         2
 Mephitic Cloud           Conj/Pois/Air  0%         N/A       94%         3
 Swiftness                Air            0%         N/A       94%         3
 Airstrike                Air            0%         2d(0-16)  100%        4
 Alistair's Intoxication  Tmut/Pois      0%         N/A       100%        5


Dungeon Overview and Level Annotations

Branches:
Dungeon (3/15)

Altars:


Innate Abilities, Weirdness & Mutations

You have a pair of horns on your head.
You reflexively headbutt those who attack you in melee.


Message History

You barely miss the orc priest.
The orc priest is heavily wounded.
You slash the dart slug! You miss the frilled lizard.
The frilled lizard closely misses you.
The orc priest hits you but does no damage.
The dart slug launches a dart at you. The slug dart hits you.
* * * LOW HITPOINT WARNING * * *
You barely miss the orc priest. You headbutt the orc priest.
The orc priest is severely wounded.
You hit the dart slug.
You kill the dart slug!
You hit the rat but do no damage. You miss the frilled lizard.
The frilled lizard bites you but does no damage.
You block the rat's attack.
The orc priest hits you with a +0 hand axe.
* * * LOW HITPOINT WARNING * * *
The rat closely misses you. The frilled lizard barely misses you.
The orc priest hits you but does no damage.
You closely miss the orc priest. Your headbutt misses the orc priest.
The orc priest is severely wounded.
You barely miss the rat. You barely miss the frilled lizard.
The frilled lizard bites you.
* * * LOW HITPOINT WARNING * * *
The rat misses you.
The orc priest hits you but does no damage.
You barely miss the orc priest.
The orc priest is severely wounded.
You hit the rat.
You kill the rat!
You miss the frilled lizard. The frilled lizard barely misses you.
The orc priest looks encouraged for a moment.
Unknown command.
You hit the orc priest.
The orc priest is severely wounded.
You closely miss the frilled lizard. You block the frilled lizard's attack.
The orc priest barely misses you.
The orc priest calls down the wrath of Beogh upon you.
You barely resist. The frilled lizard bites you.
You die...

......######.#.
...$.......$...
...............
............|.#
.............
#...........
#...)).....>
#...@o......
#..†l†.....#
##.........#
#.........#
.........!#
#..........#
#...........
#...........


You could see an orc priest and a frilled lizard.

Vanquished Creatures
  A hound (D:3)
  A worm (D:2)
  3 dart slugs
  3 orcs (D:3)
  3 bats (D:1)
  3 endoplasms
  4 giant cockroaches
  7 hobgoblins
  4 jackals (D:1)
  6 kobolds
  9 ball pythons
  6 frilled lizards
  2 goblins
  6 rats
58 creatures vanquished.

Vanquished Creatures (others)
  2 fungi (D:1)
  A plant (D:1)
3 creatures vanquished.

Grand Total: 61 creatures vanquished

Notes
Turn   | Place    | Note
-------+----------+-------------------------------------------
     0 | D:1      | gelatine the Minotaur Fighter began the quest for the Orb.
     0 | D:1      | Reached XP level 1. HP: 19/19 MP: 0/0
   159 | D:1      | Reached XP level 2. HP: 27/27 MP: 1/1
   160 | D:1      | Found a faded altar of an unknown god.
   496 | D:1      | Reached XP level 3. HP: 33/33 MP: 2/2
  1597 | D:3      | Reached XP level 4. HP: 24/40 MP: 3/3
  1601 | D:3      | HP: 2/40 [frilled lizard (3)]
  1603 | D:3      | Slain by a frilled lizard

Illustrated notes

Levels and vault maps discovered:
D:1:      dpeg_arrival_snail, layout_basic, shapermc_ecumenical_altar_acropolis
D:2:      layout_rooms, kennysheep_potato
D:3:      cheibrodos_thug_alley, layout_rooms, old_standard_altar

Skill      XL: |  1  2  3  4 |
---------------+-------------+-----
Armour         | 4 |  4.2
Fighting       | 4 |  4.2
Shields        | 4 |  4.1
Axes           | 3 4 |  4.0
Throwing       | |  0.8
Dodging        | |  0.4
Stealth        | |  0.3

Action                   |  1- 3 |  4- 6 || total
-------------------------+-------+-------++-------
Melee: War axe           |    92 |     7 ||    99
       Headbutt          |    11 |     1 ||    12
Throw: Stone             |    29 |       ||    29
Armor: Scale mail        |    35 |       ||    35
       Leather armour    |     8 |     5 ||    13
Dodge: Dodged            |    56 |     9 ||    65
Block: Buckler           |    26 |     3 ||    29
